Map: Lerilak Crest

Players

JonSnow - Winner!

  • Race: Zerg Zerg
  • League: Grandmaster

MaSa

  • Race: Terran Terran
  • League: Grandmaster

VOD

Have the link to the VOD?

Description

Time

  • Played on: Feb. 13, 2016, 6:35 p.m.
  • Length: 6:37
Show
View Real Time Build Order
Export as new Build Order

JonSnow Zerg - Winner!

Build Orders: Hatch First 

Get SALT Encoding   

  12  0:01  Drone  
  13  0:12  Overlord  
  13  0:18  Drone  
  14  0:30  Drone  
  14  0:31  Drone  
  17  0:35  Drone  
  17  0:52  Hatchery  
  17  0:55  Drone  
  17  0:59  Extractor  
  17  1:01  Drone  
  17  1:15  Spawning Pool  
  17  1:17  Drone  
  17  1:22  Drone  
  18  1:27  Overlord  
  18  1:39  Drone  
  19  2:03  Queen x2, Metabolic Boost  
  19  2:04  Zergling x2  
  19  2:06  Zergling x2  
  25  2:10  Zergling x2  
  26  2:16  Drone x2  
  26  2:22  Drone  
  29  2:26  Drone  
  30  2:33  Drone  
  30  2:36  Overlord  
  31  2:40  Queen  
  33  2:46  Overlord  
  33  2:53  Overlord  
  32  3:11  Zergling x14  
  32  3:12  Zergling x6  
  42  3:18  Zergling x2  
  43  3:26  Drone  
  44  3:31  Hatchery  
  44  3:32  Drone  
  44  3:33  Drone  
  45  3:44  Drone x4  
  48  3:49  Drone x3  
  48  3:53  Drone  
  47  3:58  Drone x2  
  46  4:09  Zergling x4, Roach Warren  
  46  4:10  Extractor x2  
  43  4:20  Drone  
  43  4:21  Drone x3  
  43  4:24  Overlord  
  46  4:30  Overlord  
  46  4:35  Overlord  
  46  4:50  Roach x4  
  54  4:54  Roach x4  
  62  5:02  Roach x3  
  67  5:11  Drone x4  
  64  5:17  Spore Crawler  
  64  5:20  Drone  
  62  5:23  Drone  
  62  5:28  Zergling x2  
  64  5:31  Zergling x2  
  64  5:32  Zergling x2  
  66  5:38  Zergling x2  
  66  5:39  Zergling x2  
  68  5:47  Overlord x2  
  66  5:57  Overlord  
  66  6:06  Ravager x6  
  66  6:08  Ravager  
  66  6:09  Zergling x6  
  76  6:16  Zergling x6  
Show
View Real Time Build Order
Export as new Build Order

MaSa Terran 

Build Orders:  

Get SALT Encoding   

  12  0:01  SCV  
  13  0:13  SCV  
  14  0:17  Supply Depot  
  14  0:25  SCV  
  15  0:38  SCV  
  15  0:40  Barracks  
  16  0:44  Refinery  
  16  0:50  SCV  
  17  1:02  SCV  
  18  1:14  SCV  
  19  1:27  Orbital Command, Barracks Reactor  
  19  1:40  Command Center  
  19  1:50  Supply Depot  
  19  1:52  SCV  
  20  2:04  Marine x2  
  20  2:05  SCV  
  23  2:15  Factory  
  23  2:20  SCV  
  23  2:21  Marine x2  
  26  2:31  Refinery  
  26  2:32  SCV  
  27  2:39  Marine x2  
  29  2:44  SCV  
  30  2:53  Orbital Command  
  30  2:55  Bunker  
  30  2:58  SCV  
  29  3:07  Hellion  
  29  3:08  Starport  
  29  3:10  Hellion  
  29  3:12  Marine  
  34  3:16  SCV  
  35  3:20  SCV  
  36  3:29  Hellion  
  36  3:31  Hellion, Marine  
  41  3:35  Supply Depot  
  41  3:42  Armory  
  41  3:46  SCV, Medivac  
  41  3:48  SCV  
  41  3:54  Hellion  
  35  4:04  SCV  
  35  4:08  Hellion  
  35  4:09  SCV  
  36  4:13  Marine  
  36  4:15  Viking, Hellion  
  40  4:20  SCV  
  41  4:25  SCV  
  41  4:29  Hellion  
  44  4:32  SCV  
  44  4:33  Barracks Tech Lab  
  44  4:37  Hellion, SCV  
  48  4:44  SCV  
  49  4:46  Starport Reactor  
  49  4:49  SCV  
  50  4:55  Barracks  
  50  4:56  Barracks  
  50  4:57  SCV  
  49  5:02  SCV  
  49  5:03  Marine  
  50  5:09  SCV  
  51  5:17  Liberator x2, Factory Reactor  
  51  5:20  Factory Tech Lab, SCV  
  50  5:23  SCV  
  50  5:26  Marauder, Bunker  
  60  5:35  SCV  
  60  5:44  Siege Tank, Bunker  
  60  5:46  SCV  
  62  5:50  Barracks Reactor  
  62  6:10  Command Center  
Tags
 
Add a new tag
Caveats
  • Supply blocks, unpowered buildings, or Contaminate may cause inaccurate times.
  • Supply counts are checked every 10 seconds.